 Dungeon Crawl Stone Soup version 0.26-a0-259-g1effd001a9 (webtiles) character file.

Game seed: 15283592537973117822

244 drasked the Cleaver (level 5, -1/45 HPs)
             Began as a Minotaur Berserker on July 12, 2020.
             Was a Believer of Trog.
             Slain by Eustachio
             ... wielding a +0 rapier of draining
              (6 damage)
             ... on level 4 of the Dungeon.
             The game lasted 00:06:07 (2605 turns).

drasked the Cleaver (Minotaur Berserker)            Turns: 2605, Time: 00:06:08

Health: -1/45      AC:  8    Str: 21    XL:     5   Next: 83%
Magic:  4/4        EV:  7    Int:  4    God:    Trog [**....]
Gold:   61         SH:  0    Dex: 11    Spells: 4/4 levels left

rFire    . . .     SeeInvis .   a - +0 hand axe
rCold    . . .     Faith    .   (no shield)
rNeg     . . .     Spirit   .   c - +0 chain mail
rPois    .         Reflect  .   (helmet restricted)
rElec    .         Harm     .   (no cloak)
rCorr    .                      (no gloves)
MR       +....                  (no boots)
Stlth    ..........             d - amulet of the acrobat
HPRegen  0.15/turn              m - ring of protection from magic {MR+, !d}
MPRegen  0.09/turn              (no ring)

@: heavily drained
A: retaliatory headbutt, horns 2
a: Berserk, Trog's Hand, Renounce Religion


You were on level 4 of the Dungeon.
You worshipped Trog.
Trog was pleased with you.
You were not hungry.

You visited 1 branch of the dungeon, and saw 4 of its levels.

You collected 187 gold pieces.
You spent 126 gold pieces at shops.

Inventory:

Hand Weapons
 a - a +0 hand axe (weapon)
Missiles
 h - 21 poisoned darts (quivered)
 j - 5 javelins
Armour
 c - a +0 chain mail (worn)
   (You took it off an orc on level 4 of the Dungeon)
Jewellery
 d - an amulet of the acrobat (around neck)
   (You found it on level 1 of the Dungeon)
 m - a ring of protection from magic (left hand) {MR+, !d}
   (You found it on level 3 of the Dungeon)
Scrolls
 b - 2 scrolls of enchant armour {unknown}
 f - 2 scrolls of random uselessness {unknown}
 i - 2 scrolls of identify
 o - a scroll of fear {unknown}
 p - 2 scrolls of blinking {!r!r}
 r - a scroll of amnesia {unknown}
 w - a scroll of remove curse
Potions
 g - a potion of heal wounds {unknown}
 k - a potion of stabbing
 l - a potion of flight
 n - 2 potions of resistance
 q - a potion of curing
Comestibles
 e - 14 rations


   Skills:
 - Level 3.6(1.5) Fighting
 * Level 8.0(5.7) Axes
 - Level 2.4(0.4) Armour
 - Level 2.1(0.2) Dodging


You had 4 spell levels left.
You didn't know any spells.
Your spell library was empty.

Dungeon Overview and Level Annotations

Branches:
Dungeon (4/15)
 Temple: D:4-7

Altars:
Kikubaaqudgha
Okawaru
Qazlal

Shops:
D:4 ?*?

Annotations:
D:4 Eustachio


Innate Abilities, Weirdness & Mutations

You reflexively headbutt those who attack you in melee.
You have a pair of horns on your head.


Message History

Eustachio blinks!
The river rat bites you but does no damage.
The river rat barely misses you.
You closely miss the river rat. You miss the quokka. You hit the iron imp.
You hit the river rat but do no damage.
The quokka bites you but does no damage.
The iron imp hits you. The river rat bites you.
The river rat bites you but does no damage.
The quokka barely misses you. The iron imp closely misses you.
You miss Eustachio. You headbutt Eustachio. You closely miss the river rat.
You hit the river rat. You closely miss the iron imp. You hit the quokka.
Eustachio hits you with a +0 rapier of draining.
You feel drained. The river rat barely misses you. The river rat bites you.
The quokka bites you but does no damage.
The river rat bites you but does no damage. x2
The iron imp hits you but does no damage.
Eustachio hits you but does no damage.
You feel drained. The quokka barely misses you.
You slash Eustachio! You barely miss the river rat.
You hit the river rat but do no damage.
Your chain mail prevents you from hitting the iron imp.
You closely miss the quokka. The quokka bites you.
The river rat barely misses you. You furiously retaliate!
You headbutt the river rat. The river rat barely misses you.
Eustachio casts a spell.
Eustachio blinks!
The iron imp hits you but does no damage.
The iron imp grinds its teeth.
Drop what? 19/52 slots (_ for help) (? for menu, Esc to quit)
Okay, then.
Throwing (i - inventory. (/) - cycle)
h - 22 poisoned darts (quivered)
Aim: Eustachio, wielding a +0 rapier of draining and wearing a +0 leather armour (severely wounded)
You throw a poisoned dart.
The poisoned dart closely misses Eustachio.
The quokka barely misses you. The river rat bites you!
The river rat completely misses you. You furiously retaliate!
You headbutt the river rat.
You kill the river rat!
The river rat's corpse disappears in a puff of smoke!
The quokka bites you but does no damage.
The iron imp hits you.
* * * LOW HITPOINT WARNING * * *
The river rat closely misses you.
Eustachio mumbles some strange words.
Eustachio blinks!
The quokka barely misses you. The quokka misses you.
You see here 2 rations.
The quokka closely misses you. You furiously retaliate!
You headbutt the quokka. You hit Eustachio. You closely miss the quokka.
The quokka bites you but does no damage.
The iron imp laughs crazily.
Eustachio mumbles some strange words.
Eustachio blinks!
The quokka closely misses you. You furiously retaliate!
You headbutt the quokka, but do no damage.
The iron imp hits you.
* * * LOW HITPOINT WARNING * * *
The iron imp hits you but does no damage.
Eustachio misses you.
You barely miss Eustachio. You hit the quokka.
You kill the quokka!
The quokka's corpse disappears in a puff of smoke!
You hit the iron imp but do no damage.
You feel yourself speed up. The iron imp barely misses you.
Eustachio hits you but does no damage.
You feel drained.
You hit Eustachio. You barely miss the river rat.
You hit the iron imp but do no damage. The river rat closely misses you.
You furiously retaliate!
You headbutt the river rat, but do no damage.
The iron imp shouts, "Despair, thou rough-hewn weather-bitten cloven-toed!"
The iron imp hits you.
* * * LOW HITPOINT WARNING * * *
Eustachio yells, "Perjured traitor, DIE!"
Eustachio gestures wildly while chanting.
Eustachio blinks!
You hit the iron imp. You closely miss the river rat. The river rat bites you.
* * * LOW HITPOINT WARNING * * *
The iron imp hits you.
* * * LOW HITPOINT WARNING * * *
You hit the river rat but do no damage. The river rat barely misses you.
The river rat bites you but does no damage.
You hit the river rat.
The iron imp disappears in a puff of smoke!
The river rat bites you.
* * * LOW HITPOINT WARNING * * *
You closely miss the river rat.
You recover from your berserk rage.
Eustachio mumbles some strange words.
The river rat bites you.
* * * LOW HITPOINT WARNING * * *
Eustachio gestures wildly while chanting.
Eustachio blinks!
Eustachio barely misses you.
You hit Eustachio.
Eustachio says, "My allies will avenge me."
Eustachio hits you with a +0 rapier of draining.
You die...

#...............###
#..(=.............
#....#..........#
#......#........+
#.∩.#........#
#...%........#
#.#.(∩.......#
#rr#...(.....#
##b#.@.......#
#.#r#@......#
#.#.#.##....#
#..b#.......#+###
#########+##....#
######.<.....+
#.>.....<....#####
#.................
#..........#######


You could see Eustachio, a river rat (summoned) and a bat (summoned).

Levels and vault maps discovered:
D:1:      elethiomel_arrival_maze, layout_basic
D:2:      layout_loops_ring, nicolae_qazlal_eye_of_the_storm,
          overflow_temple_1_default
D:3:      layout_rooms, okawaru_trees_1
D:4:      layout_basic, serial_shops, nicolae_shop_stone, shop,
          nicolae_shop_overgrown_old_shop, shop, shop_statue,
          dk_rats_in_the_wall, uniq_eustachio

Notes
Turn   | Place    | Note
-------+----------+-------------------------------------------
     0 | D:1      | drasked the Minotaur Berserker began the quest for the Orb.
     0 | D:1      | Reached XP level 1. HP: 19/19 MP: 0/0
    75 | D:1      | Identified a +0 dagger
   141 | D:1      | Reached skill level 4 in Axes
   160 | D:1      | Reached XP level 2. HP: 25/26 MP: 1/1
   371 | D:1      | Identified a +0 club
   420 | D:1      | Identified a +0 dagger
   462 | D:1      | Identified a +0 club
   474 | D:1      | Reached skill level 5 in Axes
   618 | D:1      | Identified a +0 club
   624 | D:1      | Reached XP level 3. HP: 31/31 MP: 2/2
   647 | D:1      | Identified a +0 club
  1015 | D:1      | Identified a +0 club
  1109 | D:2      | Reached ** piety under Trog
  1123 | D:2      | Identified a +0 ring mail (You found it on level 2 of the
                  | Dungeon)
  1163 | D:2      | Identified a +0 dagger
  1218 | D:2      | Found an ancient bone altar of Kikubaaqudgha.
  1222 | D:2      | Found a stormy altar of Qazlal.
  1222 | D:2      | Identified a +0 hunting sling
  1357 | D:2      | Identified a +0 dagger
  1856 | D:3      | Reached skill level 6 in Axes
  1856 | D:3      | Reached XP level 4. HP: 32/39 MP: 3/3
  1994 | D:3      | Identified a +0 dagger
  2164 | D:3      | Found an iron altar of Okawaru.
  2166 | D:3      | Identified a cursed -3 whip
  2166 | D:3      | Identified a +0 dagger
  2166 | D:3      | Identified a +0 robe
  2166 | D:3      | Identified a +0 hand axe
  2166 | D:3      | Identified a +0 leather armour
  2172 | D:3      | Identified a +0 war axe
  2218 | D:3      | Identified a +0 club
  2224 | D:3      | Reached XP level 5. HP: 45/45 MP: 4/4
  2289 | D:3      | Identified a +0 club
  2293 | D:3      | Reached skill level 7 in Axes
  2402 | D:3      | Identified 8 scrolls of identify
  2402 | D:3      | Identified an amulet of the acrobat (You found it on level
                  | 1 of the Dungeon)
  2403 | D:3      | Identified 2 potions of resistance
  2404 | D:3      | Identified a potion of curing
  2405 | D:3      | Identified a potion of flight
  2406 | D:3      | Identified a potion of brilliance
  2407 | D:3      | Identified a potion of stabbing
  2435 | D:4      | Identified a +0 chain mail
  2447 | D:4      | Noticed an ice beast
  2456 | D:4      | Killed an ice beast
  2456 | D:4      | Reached skill level 8 in Axes
  2493 | D:4      | Found Vantuack's Magic Scroll Boutique.
  2501 | D:4      | Bought a scroll of noise for 11 gold pieces
  2501 | D:4      | Bought a scroll of remove curse for 33 gold pieces
  2501 | D:4      | Bought a scroll of blinking for 82 gold pieces
  2501 | D:4      | Identified a ring of protection from magic (You found it on
                  | level 3 of the Dungeon)
  2534 | D:4      | Found Taed's Assorted Antiques.
  2560 | D:4      | Found Nianar's Magic Scroll Emporium.
  2563 | D:4      | Identified a +0 rapier of draining
  2563 | D:4      | Identified a +0 leather armour
  2563 | D:4      | Noticed Eustachio
  2594 | D:4      | HP: 10/45 [iron imp[Eustachio] (3)]
  2599 | D:4      | HP: 4/45 [river rat[Eustachio] (2)]
  2605 | D:4      | Slain by Eustachio

Table legend:
 A = Turns spent in this place as a percentage of turns spent in the entire game.
 B = Non-inter-level travel turns spent in this place as a percentage of non-inter-level travel turns spent in the entire game.
 C = Inter-level travel turns spent in this place as a percentage of turns spent in this place.
 D = Turns resting spent in this place as a percentage of non-inter-level travel turns spent in this place.
 E = Turns spent auto-exploring this place as a percentage of non-inter-level travel turns spent in this place.
 F = Non-inter-level travel turns spent in this place divided by the number of levels of this place that you've seen.
                   A       B       C       D       E      F
               +-------+-------+-------+-------+-------+----------------------
         Total | 100.0 | 100.0 |   1.4 |  20.0 |  61.8 | 642.2
       Dungeon | 100.0 | 100.0 |   1.4 |  20.0 |  61.8 | 642.2
               +-------+-------+-------+-------+-------+----------------------

Table legend:
 A = Kills in this place as a percentage of kills in entire the game.
 B = Kills by you in this place as a percentage of kills by you in the entire game.
 C = Kills by friends in this place as a percentage of kills by friends in the entire game.
 D = Other kills in this place as a percentage of other kills in the entire game.
 E = Experience gained in this place as a percentage of experience gained in the entire game.
 F = Experience gained in this place divided by the number of levels of this place that you have seen.
                   A       B       C       D       E      F
               +-------+-------+-------+-------+-------+----------------------
         Total | 100.0 | 100.0 |   N/A |   N/A | 100.0 |  87.2
       Dungeon | 100.0 | 100.0 |   N/A |   N/A | 100.0 |  87.2
               +-------+-------+-------+-------+-------+----------------------

Skill      XL: |  1  2  3  4  5 |
---------------+----------------+-----
Axes           | 4 5 6 8 |  8.0
Fighting       | |  3.6
Armour         | |  2.4
Dodging        | |  2.1

Action                   |  1- 3 |  4- 6 || total
-------------------------+-------+-------++-------
Melee: Hand axe          |    83 |    58 ||   141
       Headbutt          |     9 |    10 ||    19
Throw: Stone             |    90 |    16 ||   106
       Dart              |       |    33 ||    33
Invok: Berserk           |       |     2 ||     2
  Use: Scroll            |       |     6 ||     6
  Eat: Ration            |     1 |     1 ||     2
Armor: Animal skin       |     9 |       ||     9
       Ring mail         |    15 |     8 ||    23
       Chain mail        |       |    23 ||    23
Dodge: Dodged            |    49 |    34 ||    83

Vanquished Creatures
  An ice beast (D:4)
  A hound (D:3)
  An orc wizard (D:3)
  An ooze (D:1)
  A worm (D:3)
  A dart slug (D:2)
  3 leopard geckos
  5 orcs
  2 ball pythons
  6 bats
  4 giant cockroaches
  9 goblins
  9 hobgoblins
  6 jackals
  5 kobolds
  A quokka (D:3)
  3 frilled lizards
  7 rats
66 creatures vanquished.
